 Dungeon Crawl Stone Soup version 0.20.1-1-g8b1a95d (webtiles) character file.

667 equalderp2856 the Chopper (level 7, -3/91 HPs)
             Began as a Minotaur Fighter on Aug 6, 2017.
             Slain by an iguana (8 damage)
             ... on level 6 of the Dungeon on Aug 7, 2017.
             The game lasted 00:09:57 (3880 turns).

equalderp2856 the Chopper (Minotaur Fighter)        Turns: 3880, Time: 00:09:57

Health: -3/91      AC: 23    Str: 20 (21) XL:     7   Next: 31%
Magic:  6/6        EV:  2    Int:  3 (5)  God:
Gold:   279        SH:  8    Dex:  8 (11) Spells: 6/6 levels left

rFire    + . .     SeeInvis .   a - +0 war axe
rCold    + . .     Gourm    .   c - +0 shield
rNeg     + + +     Faith    .   (armour currently unavailable)
rPois    +         Spirit   .   (helmet currently unavailable)
rElec    +         Reflect  .   (cloak currently unavailable)
rCorr    +         Harm     .   (gloves currently unavailable)
MR       .....     NoTele   +   (boots currently unavailable)
Stlth    +.........             (no amulet)
Regen    0.3/turn               (no ring)
MPRegen  0.1/turn               (no ring)

@: tree-form, resistant, starving, very heavily drained
A: (retaliatory headbutt), evolution 1
a: no special abilities


You were on level 6 of the Dungeon.
You were starving.
You were a tree.
You visited 1 branch of the dungeon, and saw 6 of its levels.
You also visited: Ossuary.

You collected 279 gold pieces.

Inventory:

Hand Weapons
 a - a +0 war axe (weapon)
 w - a +3 dagger
 x - a +0 hunting sling
 z - a +1 vampiric dagger
Missiles
 g - 16 stones (quivered)
 h - 51 poisoned needles
 k - 19 bolts
 u - 7 needles of paralysis
 v - 42 sling bullets
 B - 2 tomahawks
 G - 37 arrows
Armour
 b - a +0 scale mail (melded)
 c - a +0 shield (worn)
 j - a +0 pair of boots (melded)
 t - a +0 pair of gloves (melded)
 A - a +0 robe
 H - a +0 pair of gloves
Magical Staves
 F - an uncursed staff of conjuration {unknown}
Jewellery
 C - a +3 ring of intelligence {unknown}
Scrolls
 e - 4 scrolls of teleportation {unknown}
 i - 6 scrolls of identify {unknown}
 m - 2 scrolls of enchant armour {unknown}
 q - a scroll of fear {unknown}
 y - a scroll of fog {unknown}
 D - a scroll of random uselessness {unknown}
 E - 2 scrolls of noise {unknown}
 J - a scroll of remove curse {unknown}
Potions
 d - 2 potions of might
 n - 2 potions of agility
 p - a potion of invisibility
 r - 3 potions of haste
 L - 2 potions of degeneration
 M - a potion of berserk rage {unknown}
Comestibles
 f - 3 bread rations
 l - a royal jelly
 s - a meat ration


   Skills:
 + Level 5.0(2.1) Fighting
 + Level 6.8(3.7) Axes
 + Level 5.5(2.5) Armour
 + Level 1.4(0.0) Dodging
 + Level 5.4(2.5) Shields


You had 6 spell levels left.
You didn't know any spells.

Dungeon Overview and Level Annotations

Branches:
Dungeon (6/15)
 Temple: D:4-7

Altars:
Dithmenos
Hepliaklqana
Kikubaaqudgha
Ru
Trog
Xom
Yredelemnul
The Shining One

Annotations:
D:4 Megalobster's ghost, novice DDFi


Innate Abilities, Weirdness & Mutations

((You reflexively headbutt those who attack you in melee.))
((You have a pair of horns on your head.))
((You have large cloven feet.))
You evolve.


Message History

There was something very wrong with that liquid.
You feel weakened.
You feel dopey.
You feel clumsy.
The iguana bites you but does no damage.
Unknown command.
It was a potion of mutation.
You feel extremely strange.
You feel nature experimenting on you.
Don't worry, failures die fast.
Your feet thicken and deform.
The iguana bites you.
* * * LOW HITPOINT WARNING * * *
Okay, then.
It was a potion of resistance.
You feel protected. The iguana completely misses you. You furiously retaliate!
You headbutt the iguana.
It was a potion of lignification.
You turn into a tree.
Your +0 pair of gloves melds into your body.
Your +0 pair of boots melds into your body.
Your +0 scale mail melds into your body.
Your roots penetrate the ground.
The iguana bites you!
You die... # (...##### #...5.l♣# #.#######

You could see an iguana and a crimson imp.

Vanquished Creatures
  3 water moccasin zombies (Ossuary)
  2 scorpions (D:4)
  4 orc wizards (D:4)
  An iguana (D:4)
  Jessica (D:3)
  2 worker ants (D:4)
  A big kobold zombie (Ossuary)
  A hound skeleton (D:4)
  2 mummies (Ossuary)
  4 adders
  5 adder zombies (Ossuary)
  A worm (D:2)
  A dart slug (D:1)
  A leopard gecko (D:3)
  6 orcs
  4 giant cockroaches
  6 gnoll zombies
  5 goblins
  2 hobgoblins (D:3)
  3 jackals (D:3)
  A quokka (D:3)
  2 ball pythons
  5 bats
  2 frilled lizards (D:3)
  10 hobgoblin zombies (Ossuary)
  6 kobolds
  5 kobold zombies (Ossuary)
  5 orc zombies (Ossuary)
  23 rats
114 creatures vanquished.

Notes
Turn   | Place    | Note
-------+----------+-------------------------------------------
     0 | D:1      | equalderp2856 the Minotaur Fighter began the quest for the Orb.
     0 | D:1      | Reached XP level 1. HP: 19/19 MP: 0/0
    46 | D:1      | Reached XP level 2. HP: 24/27 MP: 1/1
  1146 | D:2      | Found a sacrificial altar of Ru.
  1148 | D:2      | Found a shimmering altar of Xom.
  1148 | D:2      | Found a glowing golden altar of the Shining One.
  1149 | D:2      | Found a bloodstained altar of Trog.
  1157 | D:2      | Reached XP level 3. HP: 33/33 MP: 2/2
  1259 | D:2      | Reached skill level 3 in Axes
  1306 | D:2      | Found a shadowy altar of Dithmenos.
  1794 | D:3      | Noticed Jessica
  1983 | D:3      | Reached XP level 4. HP: 32/40 MP: 3/3
  2006 | D:3      | Found a hazy altar of Hepliaklqana.
  2074 | D:3      | Killed Jessica
  2218 | D:3      | Reached skill level 4 in Axes
  2373 | D:3      | Found a basalt altar of Yredelemnul.
  2657 | D:4      | Reached XP level 5. HP: 33/46 MP: 4/4
  2753 | D:4      | Noticed Megalobster's ghost (novice DDFi)
  2844 | D:4      | Reached skill level 1 in Dodging
  2846 | D:4      | Reached skill level 5 in Axes
  2846 | D:4      | Reached skill level 5 in Armour
  2897 | D:4      | Found a sand-covered staircase.
  2934 | D:4      | Reached XP level 6. HP: 6/53 MP: 5/5
  2946 | D:4      | Reached skill level 5 in Shields
  2976 | Ossuary  | Entered an ossuary
  3153 | Ossuary  | Reached skill level 6 in Axes
  3423 | Ossuary  | Reached XP level 7. HP: 56/60 MP: 6/6
  3703 | D:4      | Found an ancient bone altar of Kikubaaqudgha.
  3778 | D:4      | Reached skill level 5 in Fighting
  3787 | D:5      | Entered Level 5 of the Dungeon
  3878 | D:6      | Gained mutation: You evolve. [potion of mutation]
  3878 | D:6      | Gained mutation: You have large cloven feet. [potion of mutation]
  3878 | D:6      | HP: 3/61 [iguana (6)]
  3880 | D:6      | Slain by an iguana

Skill      XL: |  1  2  3  4  5  6  7 |
---------------+----------------------+-----
Armour         | 4 5 |  5.5
Shields        | 4 5 |  5.4
Fighting       | 4 5 |  5.0
Axes           | 3 4 5 6 |  6.8
Dodging        | 1 |  1.4

Action                   |  1- 3 |  4- 6 |  7- 9 || total
-------------------------+-------+-------+-------++-------
Melee: War axe           |    97 |   184 |    51 ||   332
       Headbutt          |    12 |    22 |    13 ||    47
  Use: Potion            |       |     3 |     4 ||     7
  Eat: Chunk             |     2 |     4 |       ||     6
       Royal jelly       |       |     1 |       ||     1
Armor: Scale mail        |    46 |   105 |    19 ||   170
Dodge: Dodged            |    32 |    55 |    12 ||    99
Block: Shield            |    62 |    85 |    22 ||   169
